 Dungeon Sprint DCSS version 0.30.1-11-g7821555f0a (webtiles) character file.

Game seed: 3592161582525901342

23784 Heoruswealwe the Minotaur Porcupine (level 12, 0/133 HPs)
             Began as a Minotaur Fighter on Dec 29, 2023.
             Was an Initiate of Gozag.
             Slain by a vampire knight
             ... wielding a +1 dire flail
              (22 damage)
             ... in the Dungeon (Sprint IX: "|||||||||||||||||||||||||||||").
             The game lasted 00:24:03 (2842 turns).

Heoruswealwe the Minotaur Porcupine (MiFi)          Turns: 2842, Time: 00:24:03

Health: 0/133      AC: 37    Str: 26    XL:     12   Next: 74%
Magic:  11/11      EV:  9    Int:  8    God:    Gozag
Gold:   1608       SH:  0    Dex: 10    Spells: 11/11 levels left

rFire   + . .        b - +2 halberd (protect)
rCold   + + .        (shield currently unavailable)
rNeg    . . .        c - +0 gold dragon scales of Tupno {rPois rF+ rC+ Int+3}
rPois   +            (helmet restricted)
rElec   .            h - +1 cloak
rCorr   .            f - +1 pair of gloves
SInv    .            e - +0 pair of boots
Will    .....        (no amulet) Stlth
                     k - +2 ring of evasion
HPRegen 0.42/turn    j - ring of protection from cold
MPRegen 0.12/turn

%: no teleportation
@: mighty, under a protective aura, hasted, very quick
A: horns 2, retaliatory headbutt
a: Renounce Religion, Potion Petition, Call Merchant, Bribe Branch


You were in the Dungeon.
You worshipped Gozag.
Gozag was most pleased with you.
You visited 1 branch You collected 9719 gold pieces.
You spent 2801 gold pieces at shops.
You paid 5310 gold pieces to Gozag.

Inventory:

Hand Weapons
 a - a +3 trident of protection
 b - a +2 halberd of protection (weapon)
 l - the +10 morningstar "Eos" {elec, Halo rElec}
   (You bought it in a shop in the Dungeon)

   Halo:      It grants its wielder a halo, revealing invisible creatures and
   increasing accuracy against all within it other than the wielder.
   rElec:     It insulates you from electricity.
Armour
 c - the +0 gold dragon scales of Tupno (worn) {rPois rF+ rC+ Int+3}
   (You bought it in a shop in the Dungeon)

   Int:       It affects your intelligence (+3).
   rF:        It protects you from fire.
   rC:        It protects you from cold.
   rPois:     It protects you from poison.
 d - a +1 tower shield
 e - a +0 pair of boots (worn)
 f - a +1 pair of gloves (worn)
 h - a +1 cloak (worn)
Jewellery
 j - a ring of protection from cold (right hand)
 k - a +2 ring of evasion (left hand)
Wands
 t - a wand of roots (10)
 u - a wand of acid (3)
Scrolls
 i - 3 scrolls of enchant armour
 o - 7 scrolls of identify
 p - 2 scrolls of blinking
 r - 3 scrolls of enchant weapon
Potions
 m - a potion of curing
 n - a potion of might
 s - 2 potions of mutation
 v - a potion of berserk rage


   Skills:
 + Level 20.2 Fighting
 O Level 27 Polearms
 + Level 20.2 Armour
 - Level 3.6 Shields


You had 11 spell levels left.
You didn't know any spells.
Your spell library was empty.

Dungeon Overview and Level Annotations

Branches:
Dungeon (1/1)

Altars:
Cheibriados
Dithmenos
Elyvilon
Fedhas
Gozag
Hepliaklqana
Kikubaaqudgha
Makhleb
Nemelex Xobeh
Okawaru
Qazlal
Ru
Sif Muna
Trog
Uskayaw
Vehumet
Wu Jian
Xom
Yredelemnul
Zin
The Shining One
Jiyva
Lugonu

Shops:
D =(*([(?[?[


Innate Abilities, Weirdness & Mutations

You have a pair of horns on your head.
You reflexively headbutt those who attack you in melee.


Message History

The spriggan air mage waves its arms in wide circles.
The air twists around and strikes you. Something hits you!!
Something bites you but does no damage.
You hit something.
Your weapon exudes an aura of protection.
Something hits you!
* * * LOW HITPOINT WARNING * * *
Something bites you but does no damage.
You hit something. Something hits you!
* * * LOW HITPOINT WARNING * * *
Something bites you.
* * * LOW HITPOINT WARNING * * *
Something draws strength from your injuries!
You feel better.
A vampire knight appears from thin air!
Reactivating autopickup.
The vampire knight hits you but does no damage.
The vampire knight bites you but does no damage.
You hit the vampire knight but do no damage.
Your headbutt misses the vampire knight.
The vampire knight is lightly damaged.
The vampire knight hits you but does no damage.
The vampire knight bites you.
* * * LOW HITPOINT WARNING * * *
The vampire knight draws strength from your injuries!
You feel yourself speed up.
The vampire knight hits you but does no damage.
The vampire knight bites you.
* * * LOW HITPOINT WARNING * * *
The vampire knight draws strength from your injuries!
The vampire knight hits you but does no damage.
The vampire knight bites you but does no damage.
You feel very mighty all of a sudden. The vampire knight barely misses you.
You furiously retaliate!
You headbutt the vampire knight!! The vampire knight bites you.
* * * LOW HITPOINT WARNING * * *
The vampire knight draws strength from your injuries!
You feel better.
The vampire knight hits you with a +1 dire flail!!
You die...
Your body crumbles into a pile of gold.

▓)▓.▓.▓.▓.▓.▓
▓.▓.▓.▓.▓∩▓.▓.▓
▓.▓.▓.▓.▓.▓.▓.▓
▓.▓.▓.▓.▓∩▓.▓.▓
▓.▓.▓.▓.▓.▓.▓i▓
▓=▓.▓.▓.▓∩▓.▓{▓
▓[▓.▓.▓.▓.▓.▓C▓
▓)▓.▓.▓.▓.▓.▓V▓
▓?▓.▓.▓.▓.▓)▓@▓
▓!▓.▓.▓.▓.▓.▓'▓
▓'▓.▓'▓.▓[▓.▓.▓
▓_▓.▓.▓.▓[▓.▓.▓
▓_▓.▓.▓.▓.▓.▓.▓
▓_▓.▓.▓.▓.▓.▓.▓
▓_▓.▓.▓.▓.▓.▓.▓
▓_▓.▓.▓.▓.▓.▓.▓
▓_▓.▓.▓.▓.▓.▓.▓


You could see a frost giant, a vampire knight (fast) and a spriggan air mage
(repels missiles).

Vanquished Creatures
  A very ugly thing (D)
  A dire elephant (D)
  An ettin (D)
  2 hydras (D)
  4 ogre magi (D)
  3 centaur warriors (D)
  2 two-headed ogres (D)
  Urug (D)
  A skyshark (D)
  An iron troll (D)
  3 deep trolls (D)
  A deep elf pyromancer (D)
  3 orc knights (D)
  An ugly thing (D)
  2 orc sorcerers (D)
  7 elephants (D)
  2 black mambas (D)
  A torpor snail (D)
  3 cane toads (D)
  A tengu conjurer (D)
  An efreet (D)
  A komodo dragon (D)
  A komodo dragon (shapeshifter) (D)
  A yaktaur (D)
  A meliai (D)
  5 trolls (D)
  A slime creature (D)
  2 yaks (D)
  2 wraiths (D)
  A basilisk (D)
  2 water moccasins (D)
  9 orc warriors (D)
  A kobold brigand (D)
  3 bullfrogs (D)
  A killer bee (D)
  A hound (D)
  2 orc priests (D)
  3 orc wizards (D)
  A dart slug (D)
  An adder simulacrum (D)
  10 orcs (D)
  A bat (D)
  A goblin (D)
  A hobgoblin (D)
  2 quokkas (D)
  A rat (D)
97 creatures vanquished.

Notes
Turn   | Place    | Note
-------+----------+-------------------------------------------
     0 | D        | Heoruswealwe the Minotaur Fighter began the quest for the
                  | Orb.
     0 | D        | Reached XP level 1. HP: 19/19 MP: 0/0
     7 | D        | Reached skill level 3 in Polearms
    18 | D        | Noticed a hound
    20 | D        | Reached skill level 4 in Polearms
    20 | D        | Reached XP level 2. HP: 28/28 MP: 1/1
    36 | D        | Reached skill level 5 in Fighting
    36 | D        | Reached skill level 6 in Polearms
    36 | D        | Reached skill level 5 in Armour
    36 | D        | Reached XP level 3. HP: 32/36 MP: 2/2
    45 | D        | Found a snail-covered altar of Cheibriados.
    45 | D        | Found a shadowy altar of Dithmenos.
    45 | D        | Found a white marble altar of Elyvilon.
    45 | D        | Found a blossoming altar of Fedhas.
    45 | D        | Found an opulent altar of Gozag.
    46 | D        | Found a hazy altar of Hepliaklqana.
    47 | D        | Found a viscous altar of Jiyva.
    48 | D        | Found an ancient bone altar of Kikubaaqudgha.
    49 | D        | Found a corrupted altar of Lugonu.
    50 | D        | Found a burning altar of Makhleb.
    51 | D        | Found a sparkling altar of Nemelex Xobeh.
    52 | D        | Found an iron altar of Okawaru.
    53 | D        | Became a worshipper of Gozag Ym Sagoz the Greedy
    54 | D        | Found a stormy altar of Qazlal.
    55 | D        | Found a sacrificial altar of Ru.
    56 | D        | Found a shimmering blue altar of Sif Muna.
    57 | D        | Found a bloodstained altar of Trog.
    58 | D        | Found a hide-covered altar of Uskayaw.
    59 | D        | Found a radiant altar of Vehumet.
    60 | D        | Found an ornate altar of the Wu Jian Council.
    61 | D        | Found a shimmering altar of Xom.
    62 | D        | Found a basalt altar of Yredelemnul.
    63 | D        | Found a glowing silver altar of Zin.
    64 | D        | Found a glowing golden altar of the Shining One.
   127 | D        | Noticed a killer bee
   127 | D        | Noticed a two-headed ogre
   127 | D        | Noticed a kobold brigand
   127 | D        | Noticed a wraith
   127 | D        | Noticed a troll
   133 | D        | Killed a troll
   134 | D        | Reached skill level 10 in Polearms
   134 | D        | Reached XP level 4. HP: 44/48 MP: 3/3
   134 | D        | Reached XP level 5. HP: 48/53 MP: 4/4
   140 | D        | Killed a wraith
   141 | D        | Reached skill level 12 in Polearms
   141 | D        | Reached XP level 6. HP: 47/63 MP: 5/5
   148 | D        | Killed a two-headed ogre
   149 | D        | Reached skill level 14 in Polearms
   149 | D        | Reached XP level 7. HP: 17/74 MP: 6/6
   149 | D        | Reached XP level 8. HP: 19/82 MP: 7/7
   335 | D        | Noticed a slime creature
   335 | D        | Noticed a deep elf pyromancer
   335 | D        | Noticed a two-headed ogre
   335 | D        | Noticed a centaur warrior
   335 | D        | Noticed a centaur warrior
   341 | D        | Killed a deep elf pyromancer
   342 | D        | Reached skill level 16 in Polearms
   348 | D        | Killed a centaur warrior
   349 | D        | Reached skill level 17 in Polearms
   349 | D        | Reached XP level 9. HP: 57/92 MP: 8/8
   354 | D        | Killed a centaur warrior
   355 | D        | Reached skill level 18 in Polearms
   360 | D        | Killed a two-headed ogre
   374 | D        | Reached skill level 19 in Polearms
   651 | D        | Noticed a cane toad
   651 | D        | Noticed a black mamba
   652 | D        | Noticed a seven-headed hydra
   658 | D        | Killed a black mamba
   659 | D        | Reached XP level 10. HP: 104/104 MP: 9/9
   661 | D        | Noticed a five-headed hydra
   669 | D        | Killed an 11-headed hydra
   670 | D        | Reached skill level 20 in Polearms
   672 | D        | Killed a cane toad
   673 | D        | Reached skill level 15 in Fighting
   673 | D        | Reached skill level 15 in Armour
   673 | D        | Noticed a black mamba
   693 | D        | Killed a 13-headed hydra
   700 | D        | Killed a black mamba
   914 | D        | Noticed a torpor snail
   914 | D        | Noticed a skyshark
   918 | D        | Reached skill level 21 in Polearms
   922 | D        | Noticed a cane toad
   945 | D        | Killed a skyshark
   952 | D        | Killed a torpor snail
   960 | D        | Killed a cane toad
   961 | D        | Reached XP level 11. HP: 15/115 MP: 10/10
   969 | D        | Reached skill level 22 in Polearms
  1218 | D        | Noticed a dire elephant
  1241 | D        | Killed a dire elephant
  1256 | D        | Reached skill level 23 in Polearms
  1486 | D        | Noticed an orc knight
  1494 | D        | Killed an orc knight
  1500 | D        | Noticed an orc sorcerer
  1518 | D        | Killed an orc sorcerer
  1664 | D        | Noticed an orc knight
  1672 | D        | Noticed an orc sorcerer
  1682 | D        | Killed an orc knight
  1687 | D        | Reached skill level 24 in Polearms
  1702 | D        | Killed an orc sorcerer
  1788 | D        | Found Icid's Magic Scroll Boutique.
  1788 | D        | Noticed an ogre mage
  1788 | D        | Noticed a deep troll
  1788 | D        | Noticed an ogre mage
  1789 | D        | Noticed an ogre mage
  1792 | D        | Noticed an ogre mage
  1798 | D        | Killed an ogre mage
  1807 | D        | Killed a deep troll
  1807 | D        | Noticed a deep troll
  1811 | D        | Reached XP level 12. HP: 113/128 MP: 11/11
  1818 | D        | Killed an ogre mage
  1819 | D        | Reached skill level 25 in Polearms
  1829 | D        | Killed an ogre mage
  1841 | D        | Killed an ogre mage
  2066 | D        | Found Sulorakk's Armour Shop.
  2070 | D        | Found Omuac's Magic Scroll Boutique.
  2074 | D        | Found Rerir's Weapon Shop.
  2077 | D        | Noticed an ettin
  2093 | D        | Killed an ettin
  2131 | D        | Reached skill level 26 in Polearms
  2186 | D        | Bought a scroll of identify for 24 gold pieces
  2186 | D        | Bought a scroll of fear for 48 gold pieces
  2186 | D        | Bought a scroll of vulnerability for 48 gold pieces
  2186 | D        | Bought a scroll of enchant weapon for 90 gold pieces
  2186 | D        | Bought a scroll of immolation for 48 gold pieces
  2190 | D        | Bought a scroll of identify for 26 gold pieces
  2190 | D        | Bought a scroll of identify for 26 gold pieces
  2190 | D        | Bought a scroll of identify for 26 gold pieces
  2190 | D        | Bought a scroll of identify for 26 gold pieces
  2190 | D        | Bought a scroll of identify for 26 gold pieces
  2212 | D        | Bought the +0 gold dragon scales of Tupno {rPois rF+ rC+
                  | Int+3} for 1119 gold pieces
  2228 | D        | Bought a potion of flight for 39 gold pieces
  2228 | D        | Bought a scroll of identify for 26 gold pieces
  2228 | D        | Bought a potion of mutation for 104 gold pieces
  2228 | D        | Bought the +10 morningstar "Eos" {elec, Halo rElec} for 962
                  | gold pieces
  2228 | D        | Found the +10 morningstar "Eos" {elec, Halo rElec}
  2228 | D        | Bought a wand of acid (3) for 163 gold pieces
  2323 | D        | Noticed Urug
  2337 | D        | Killed Urug
  2773 | D        | Noticed a centaur warrior
  2781 | D        | Killed a centaur warrior
  2785 | D        | Noticed a brown very ugly thing
  2798 | D        | Noticed a vampire knight
  2800 | D        | Killed a brown very ugly thing
  2803 | D        | Noticed a frost giant
  2822 | D        | Noticed a spriggan air mage
  2825 | D        | Reached skill level 27 in Polearms
  2825 | D        | Noticed a lich
  2842 | D        | Slain by a vampire knight

Illustrated notes

Levels and vault maps discovered:
D:        linesprint [early_d, line_temple, items_1, d_10, items_2, lair_1,
          lair_end, items_3, orc_1, orc_end, items_4, d_15, swamp_1, shoals_1,
          snake_1, spider_1, d_20, vaults_1, items_5, swamp_end, shoals_end,
          snake_end, spider_end, vaults_end, d_27, items_6, zot_1, zot_end,
          crypt_end, forest_end, elf_end, slime_end, tomb_end, abyss_end,
          pan_hell_end]

Skill      XL: |  1  2  3  4  5  6  7  8  9 10 11 12 |
---------------+-------------------------------------+-----
Polearms       | 4 6 10 12 14 17 19 21 24 27 | 27.0
Fighting       | 4 5 8 9 11 12 14 16 18 20 | 20.2
Armour         | 4 5 8 9 11 12 14 16 18 20 | 20.2
Shields        | |  3.6

Action                     |  1- 3 |  4- 6 |  7- 9 | 10-12 || total
---------------------------+-------+-------+-------+-------++-------
  Melee: Trident           |    24 |       |       |       ||    24
         Headbutt          |     4 |     3 |    11 |    66 ||    84
         Halberd           |     5 |    14 |    46 |   331 ||   396
 Invoke: Call Merchant     |       |       |       |     6 ||     6
    Use: Potion            |     1 |     1 |       |    16 ||    18
   Stab: Distracted        |       |       |     1 |     2 ||     3
 Armour: Scale mail        |     8 |       |       |       ||     8
         Chain mail        |    10 |     6 |    31 |       ||    47
         Plate armour      |       |       |     4 |   201 ||   205
         Gold dragon scale |       |       |       |    40 ||    40
  Dodge: Dodged            |    15 |     6 |    10 |   112 ||   143
  Block: Buckler           |     3 |       |       |       ||     3
